 Dungeon Crawl Stone Soup version 0.25.1-1-g288607f5aa (webtiles) character file.

Game seed: 10521071425776660147

23 Ijustatesigmund the Skirmisher (level 2, 0/21 HPs)
             Began as an Octopode Fighter on July 22, 2020.
             Succumbed to an adder's poison
             ... on level 3 of the Dungeon.
             The game lasted 00:01:28 (681 turns).

Ijustatesigmund the Skirmisher (Octopode Fighter)    Turns: 681, Time: 00:01:29

Health: 0/21       AC:  1    Str: 15    XL:     2   Next: 95%
Magic:  2/2        EV: 11    Int: 10    God:
Gold:   5          SH:  8    Dex: 11    Spells: 1/1 levels left

rFire    . . .     SeeInvis .   a - +0 war axe
rCold    . . .     Gourm    .   b - +0 kite shield
rNeg     . . .     Faith    .   (helmet restricted)
rPois    .         Spirit   .   (no amulet)
rElec    .         Reflect  .   (no ring)
rCorr    .         Harm     .   (no ring)
MR       .....                  (no ring)
Stlth    ++........             (no ring)
HPRegen  0.07/turn              (no ring)
MPRegen  0.08/turn              (no ring)
                                (no ring)
                                (no ring)

@: mighty, lethally poisoned (0 -> -3)
A: almost no armour, stealthy swim, amphibious, 8 rings, constrict 8, camouflage
1, gelatinous body 1
a: no special abilities


You were on level 3 of the Dungeon.
You were not hungry.

You visited 1 branch of the dungeon, and saw 3 of its levels.

You collected 5 gold pieces.

Inventory:

Hand Weapons
 a - a +0 war axe (weapon)
Missiles
 h - 2 javelins (quivered)
Armour
 b - a +0 kite shield (worn)
Scrolls
 g - 2 scrolls of random uselessness
Comestibles
 d - 3 rations


   Skills:
 + Level 3.2 Fighting
 * Level 2.6 Axes
 + Level 3.2 Dodging
 + Level 3.2 Shields


You had one spell level left.
You didn't know any spells.
Your spell library was empty.

Dungeon Overview and Level Annotations

Branches:
Dungeon (3/15)

Altars:

Annotations:
D:2 Sigmund


Innate Abilities, Weirdness & Mutations

You cannot wear most types of armour.
You are very stealthy in the water. (Stealth+)
You are amphibious.
You can wear up to eight rings at the same time.
You can use your tentacles to constrict eight enemies at once.
Your skin changes colour to match your surroundings (Stealth+).
Your rubbery body absorbs attacks. (AC +1, EV +1)


Message History

You feel sick.
* * * LOW HITPOINT WARNING * * *
You feel sick.
As you read the scroll labeled QISHOK CUWOKH, it crumbles to dust.
You hear the chiming of a distant gong.
It was a scroll of random uselessness.
As you read the scroll labeled YBBESIDDEMU, it crumbles to dust.
You feel aware of your surroundings.
You sensed 1 altar.
It was a scroll of magic mapping.
As you read the scroll labeled OVICON HUGALL, it crumbles to dust.
It is a scroll of identify.
You don't have any unidentified items.
* * * LOW HITPOINT WARNING * * *
You feel sick.
You feel very mighty all of a sudden.
* * * LOW HITPOINT WARNING * * *
You feel sick.
* * * LOW HITPOINT WARNING * * *
You feel sick.
You die...

#.# #.# #.# #######.##
#........# *,****#<.# *,* #..#
***###.#####..######*****
***,,..(...).@........,,,,*
**,,,,.##.###.....#####***,***
*,,,,,,**,.......## *,,,,,,,,*
*,*,,,,**######.## *,****,*,*
*,,,,,,* ****#.# *,* *,*,*
**,,,,,****,,,#.# *,****,*,*
*,***,,,,,,,,#+#* *,**,,,*,**
*,*,,,,****,,,,,** *,,,,,,,,,*
*,,,,,,*,,*,,,,,,***,,,,,,,,,*


There were no monsters in sight!

Vanquished Creatures
  An adder (D:3)
  A leopard gecko (D:1)
  3 bats (D:1)
  A hobgoblin (D:1)
  2 jackals (D:3)
  2 ball pythons
  4 rats (D:1)
14 creatures vanquished.

Notes
Turn   | Place    | Note
-------+----------+-------------------------------------------
     0 | D:1      | Ijustatesigmund the Octopode Fighter began the quest for
                  | the Orb.
     0 | D:1      | Reached XP level 1. HP: 16/16 MP: 1/1
   396 | D:1      | Reached XP level 2. HP: 21/21 MP: 2/2
   612 | D:2      | Found a faded altar of an unknown god.
   613 | D:2      | Noticed Sigmund
   677 | D:3      | HP: 1/21 [poisoned by an adder]
   681 | D:3      | Succumbed to an adder's poison

Illustrated notes

Levels and vault maps discovered:
D:1:      saegor_arrival_simple_e, layout_basic
D:2:      layout_rooms, chequers_ecumenical_altar_simple, first_ration,
          uniq_sigmund
D:3:      layout_loops_corners, dancing_weapons_uskayaw, uniq_robin

Action                   || total
-------------------------++-------
Melee: War axe           ||    28
       Constrict         ||     6
       Tentacles         ||     3
Throw: Javelin           ||     3
  Use: Scroll            ||     3
       Potion            ||     1
 Stab: Sleeping          ||     2
Armor: Skin              ||     3
Dodge: Dodged            ||    20
Block: Kite shield       ||    12
